 Dungeon Crawl Stone Soup version 0.28-a0-1395-g4f6bc678fa (webtiles) character file.

Game seed: 3038634147825008038

189 eustatius the Chopper (level 5, 0/42 HPs)
             Began as a Minotaur Wanderer on Jan 5, 2022.
             Was a Follower of Vehumet.
             Slain by a goblin (1 damage)
             ... led by Robin
             ... on level 2 of the Dungeon.
             The game lasted 00:06:05 (701 turns).

eustatius the Chopper (Minotaur Wanderer)            Turns: 701, Time: 00:06:06

Health: 0/42       AC:  4    Str: 17    XL:     5   Next: 40%
Magic:  5/5        EV: 11    Int: 12    God:    Vehumet [*.....]
Gold:   34         SH:  0    Dex:  8    Spells: 3/6 levels left

rFire   . . .      SeeInvis .   k - +0 scythe
rCold   + . .      Faith    .   (shield currently unavailable)
rNeg    . . .      Spirit   .   l - +2 robe
rPois   .          Reflect  .   (helmet restricted)
rElec   .          Harm     .   (no cloak)
rCorr   .          Rampage  .   (no gloves)
Will    .....                   (no boots)
Stlth   +.........              (no amulet)
HPRegen 0.14/turn               g - ring of protection from cold
MPRegen 0.09/turn               (no ring)

@: no status effects
A: horns 2, retaliatory headbutt
a: Renounce Religion


You were on level 2 of the Dungeon.
You worshipped Vehumet.
Vehumet was aware of your devotion.
You visited 1 branch of the dungeon, and saw 2 of its levels.

You collected 34 gold pieces.

Inventory:

Hand Weapons
 a - a +0 war axe
 k - a +0 scythe (weapon)
Armour
 b - a +0 buckler
 c - a +0 leather armour
 d - a +2 helmet
 l - a +2 robe (worn)
Jewellery
 g - a ring of protection from cold (left hand)
Scrolls
 f - a scroll of teleportation {unknown}
 i - 2 scrolls of identify {unknown}
 j - a scroll of brand weapon {unknown}
Potions
 e - a potion of flight {unknown}
 h - a potion of heal wounds {unknown}


   Skills:
 * Level 2.5 Fighting
 - Level 5.6 Axes
 * Level 0.1(3.3) Polearms
 - Level 0.8 Armour
 * Level 1.3 Dodging
 + Level 1.2 Shields
 * Level 1.1 Spellcasting
 * Level 0.2 Conjurations
 + Level 2.9 Necromancy
 + Level 1.0 Evocations


You had 3 spell levels left.
You knew the following spells:

 Your Spells              Type           Power      Damage    Failure   Level
a - Foxfire               Conj/Fire      0%         2x1d4     28%         1
b - Sublimation of Blood  Necr           7%         N/A       13%         2

Your spell library contained the following spells:

 Spells                   Type           Power      Damage    Failure   Level
 Corpse Rot               Necr/Air       8%         N/A       24%         2
 Shock                    Conj/Air       0%         1d3       28%         1
 Swiftness                Air            0%         N/A       65%         3
 Airstrike                Air            0%         N/A       96%         4


Dungeon Overview and Level Annotations

Branches:
Dungeon (2/15)

Altars:
Vehumet

Annotations:
D:2 Robin


Innate Abilities, Weirdness & Mutations

You have a pair of horns on your head.
You reflexively headbutt those who attack you in melee.


Message History

Robin throws the goblin at you! The goblin hits you with a +0 club.
Things that are here:
a +0 club; a goblin corpse Unknown command.
Unknown command.
You slash the goblin!
You kill the goblin!
Vehumet accepts your kill. The goblin barely misses you.
Robin throws the goblin at you! The goblin hits you but does no damage.
You closely miss the goblin. Your headbutt misses the goblin.
The goblin is severely wounded.
The goblin barely misses you. The goblin hits you with a +0 club. x3
Casting: Foxfire (safe; 28% risk of failure)
Confirm with . or Enter, or press ? or * to list all spells.
There is not enough space to conjure foxfire!
Casting: Foxfire (safe; 28% risk of failure)
Confirm with . or Enter, or press ? or * to list all spells.
Okay, then.
You slash the goblin!
You kill the goblin!
Vehumet accepts your kill. The goblin misses you.
Robin throws the goblin at you! The goblin hits you but does no damage.
The goblin hits you with a +0 club.
You closely miss the goblin. The goblin hits you with a +0 dagger.
The goblin hits you but does no damage. The goblin hits you with a +0 dagger.
* * * LOW HITPOINT WARNING * * *
The goblin barely misses you.
You slash the goblin!
You kill the goblin!
Vehumet accepts your kill. The goblin hits you with a +0 club.
* * * LOW HITPOINT WARNING * * *
You miss the goblin. Your headbutt misses the goblin.
The hobgoblin no longer looks unusually strong.
The goblin no longer looks unusually strong.
The goblin hits you with a +0 club.
* * * LOW HITPOINT WARNING * * *
The goblin hits you with a +0 club.
You die...

#.### #...#
######### ##.#####
#....##.# .......#
#.##.##.#
##.###.###.##.##.#
##.# #...#.##....#
...#####.#.#####<#
##....##...# #)#
#.##.###### #@#
#....# #g#
####.#### #g#
#....# #ghh......
#....# #.g.......
#....# #.........
#....# ..........
#....# #..........
#....# #..........


You could see Robin, 2 jackals, a hobgoblin and 2 goblins.

Vanquished Creatures
  Sigmund (D:2)
  A dart slug (D:1)
  A ball python (D:1)
  An endoplasm (D:1)
  7 goblins (D:2)
  4 hobgoblins (D:1)
  A jackal (D:2)
  A kobold (D:1)
  A rat (D:1)
18 creatures vanquished.

Notes
Turn   | Place    | Note
-------+----------+-------------------------------------------
     0 | D:1      | eustatius the Minotaur Wanderer began the quest for the
                  | Orb.
     0 | D:1      | eustatius set off with the following items: a +0 war axe, a
                  | +0 buckler, a +0 leather armour; and the following spells
                  | available to memorise: Sublimation of Blood, Corpse Rot
     0 | D:1      | Reached XP level 1. HP: 14/14 MP: 1/1
   119 | D:1      | Found a faded altar of an unknown god.
   168 | D:1      | Prayed at the altar of an unknown god.
   168 | D:1      | Became a worshipper of Vehumet
   168 | D:1      | Reached * piety under Vehumet
   168 | D:1      | Offered knowledge of Foxfire by Vehumet.
   175 | D:1      | Reached skill level 4 in Axes
   179 | D:1      | Reached XP level 2. HP: 10/20 MP: 2/2
   300 | D:1      | Learned a level 1 spell: Foxfire
   577 | D:2      | Noticed Sigmund
   589 | D:2      | Killed Sigmund
   590 | D:2      | Reached skill level 5 in Axes
   590 | D:2      | Reached XP level 3. HP: 24/30 MP: 1/3
   590 | D:2      | Reached XP level 4. HP: 29/37 MP: 1/4
   590 | D:2      | Reached XP level 5. HP: 34/42 MP: 1/5
   606 | D:2      | Learned a level 2 spell: Sublimation of Blood
   687 | D:2      | Noticed Robin
   701 | D:2      | HP: 1/42 [goblin[Robin] (5)]
   701 | D:2      | Slain by a goblin

Illustrated notes

Levels and vault maps discovered:
D:1:      lemuel_arrival_room, layout_rooms, ebering_ecumenical_altar_petrified
D:2:      layout_basic, uniq_robin, uniq_sigmund, uniq_natasha

Skill      XL: |  1  2 |
---------------+-------+-----
Axes           | 4 5 |  5.6
Fighting       | 2 |  2.5
Polearms       | |  0.1
Armour         | |  0.8
Dodging        | |  1.3
Shields        | |  1.2
Spellcasting   | |  1.1
Conjurations   | |  0.2
Necromancy     | |  2.9
Evocations     | |  1.0

Action                   |  1- 3 |  4- 6 || total
-------------------------+-------+-------++-------
Melee: War axe           |    22 |       ||    22
       Headbutt          |     3 |     2 ||     5
       Scythe            |       |    11 ||    11
Armor: Leather armour    |     5 |       ||     5
       Robe              |       |    10 ||    10
Dodge: Dodged            |    15 |    24 ||    39
Block: Buckler           |     1 |       ||     1

Table legend: (Time is in decaauts)
 A = Elapsed time spent in this place.
 B = Non-inter-level travel time spent in this place.
 C = Inter-level travel time spent in this place.
 D = Time resting spent in this place.
 E = Time spent auto-exploring this place.
 F = Levels seen in this place.
 G = Mean time per level.
                   A        B        C        D        E       F      G
               +--------+--------+--------+--------+--------+-----+--------+
         Total |    715 |    341 |    374 |     28 |    181 |   2 |  357.5 |
       Dungeon |    715 |    341 |    374 |     28 |    181 |   2 |  357.5 |
               +--------+--------+--------+--------+--------+-----+--------+

Top non-repeatable levels by time:
     D:1: 581 daAuts
     D:2: 133 daAuts
